 Dungeon Crawl Stone Soup version 0.21-a0-634-gaf8bc5d (webtiles) character file.

214 tof the Slasher (level 5, -7/42 HPs)
             Began as a Demonspawn Monk on Dec 29, 2017.
             Mangled by Regeox's ghost (8 damage)
             ... on level 3 of the Dungeon.
             The game lasted 00:06:33 (4327 turns).

tof the Slasher (Demonspawn Monk)                   Turns: 4327, Time: 00:06:33

Health: -7/42      AC:  5    Str: 11    XL:     5   Next: 60%
Magic:  5/5        EV: 19    Int: 16    God:
Gold:   111        SH:  0    Dex: 22    Spells: 4/4 levels left

rFire    . . .     SeeInvis .   o - +1 dagger (venom)
rCold    + . .     Gourm    .   (no shield)
rNeg     . . .     Faith    .   p - +0 ring mail
rPois    .         Spirit   .   (no helmet)
rElec    .         Reflect  .   (no cloak)
rCorr    .         Harm     .   (no gloves)
MR       .....                  (no boots)
Stlth    +++.......             (no amulet)
HPRegen  0.14/turn              (no ring)
MPRegen  0.09/turn              (no ring)

@: brilliant, agile, lethally poisoned (-7 -> -11)
A: repulsion field 1, cold resistance 1, freezing cloud immunity
a: no special abilities


You were on level 3 of the Dungeon.
You were hungry.

You visited 1 branch of the dungeon, and saw 3 of its levels.

You collected 111 gold pieces.

Inventory:

Hand Weapons
 a - a +0 falchion
 o - a +1 dagger of venom (weapon)
Missiles
 f - 5 curare-tipped needles
 h - 129 stones (quivered)
Armour
 p - a +0 ring mail (worn)
Jewellery
 r - an uncursed amulet of harm {unknown}
Scrolls
 b - a scroll of identify {unknown}
 d - a scroll of amnesia {unknown}
 g - 4 scrolls of blinking {unknown}
 j - a scroll of noise {unknown}
 k - a scroll of teleportation {unknown}
 m - a scroll of enchant armour {unknown}
 q - a scroll of fear {unknown}
 s - a scroll of enchant weapon {unknown}
Potions
 e - a potion of agility
 l - a potion of curing {unknown}
Books
 n - a book of Dreams

   Spells                             Type                      Level
   a - Ensorcelled Hibernation        Hexes/Ice                    2
   b - Borgnjor's Vile Clutch         Necromancy/Earth             5
   c - Silence                        Hexes/Air                    5
   d - Darkness                       Hexes                        6
   e - Shadow Creatures               Summoning                    6
Comestibles
 c - 6 rations


   Skills:
 + Level 3.9 Fighting
 * Level 4.2 Long Blades
 + Level 1.9 Throwing
 + Level 1.9 Armour
 - Level 2.6 Dodging
 - Level 1.7 Stealth


You had 4 spell levels left.
You didn't know any spells.

Dungeon Overview and Level Annotations

Branches:
Dungeon (3/15)

Altars:
Qazlal
Xom
Zin

Annotations:
D:3 Regeox's ghost, amateur DsFi


Innate Abilities, Weirdness & Mutations

You are surrounded by a mild repulsion field. (EV +2)
Your flesh is cold resistant. (rC+)
You are immune to freezing clouds.


Message History

* * * LOW HITPOINT WARNING * * *
Regeox's ghost hits you but does no damage.
You closely miss Regeox's ghost.
Regeox's ghost is lightly damaged.
* * * LOW HITPOINT WARNING * * *
You feel sick. Regeox's ghost barely misses you.
You hit Regeox's ghost but do no damage.
Regeox's ghost is lightly damaged.
* * * LOW HITPOINT WARNING * * *
You feel sick. Regeox's ghost hits you.
* * * LOW HITPOINT WARNING * * *
It was a potion of agility.
You feel agile all of a sudden.
You feel yourself speed up.
* * * LOW HITPOINT WARNING * * *
You feel sick. Regeox's ghost completely misses you.
Regeox's ghost barely misses you.
It was a potion of brilliance.
You feel clever all of a sudden. Regeox's ghost hits you!
You die...

### ######.#
.......###########
.#####.##.......(#
.# #.##.######@#
.# #.##.# #W# .#
#....# ... .#
###### #.... .#
#....# .# ##.#.#
.##### #.#.#
.....####### #.#.#
...........


You could see Regeox's ghost.

Vanquished Creatures
  A bullfrog (D:3)
  3 adders
  4 gnolls
  A worm (D:2)
  4 dart slugs
  4 leopard geckos
  An orc (D:3)
  8 bats
  6 giant cockroaches
  8 goblins
  5 hobgoblins
  4 jackals (D:1)
  12 kobolds
  3 frilled lizards
  9 rats
73 creatures vanquished.

Notes
Turn   | Place    | Note
-------+----------+-------------------------------------------
     0 | D:1      | tof the Demonspawn Monk began the quest for the Orb.
     0 | D:1      | Reached XP level 1. HP: 18/18 MP: 1/1
   184 | D:1      | Gained mutation: Your flesh is cold resistant. (rC+) [demonic ancestry]
   184 | D:1      | Reached XP level 2. HP: 17/24 MP: 2/2
   423 | D:1      | Reached skill level 3 in Long Blades
   977 | D:1      | Reached XP level 3. HP: 26/29 MP: 3/3
   982 | D:1      | Reached skill level 1 in Throwing
   982 | D:1      | Reached skill level 1 in Armour
  2289 | D:2      | Gained mutation: You are immune to freezing clouds. [demonic ancestry]
  2289 | D:2      | Reached XP level 4. HP: 26/35 MP: 4/4
  3599 | D:2      | Noticed an angel
  3603 | D:2      | Found a glowing silver altar of Zin.
  3720 | D:2      | Found a shimmering altar of Xom.
  3839 | D:3      | Gained mutation: You are surrounded by a mild repulsion field. (EV +2) [demonic ancestry]
  3839 | D:3      | Reached XP level 5. HP: 42/42 MP: 5/5
  3912 | D:3      | Reached skill level 4 in Long Blades
  4052 | D:3      | Found a stormy altar of Qazlal.
  4318 | D:3      | Noticed Regeox's ghost (amateur DsFi)
  4325 | D:3      | HP: 2/42 [Regeox's ghost (2)]
  4327 | D:3      | Mangled by Regeox's ghost

Vault maps used:
D:1:      tarquinn_simple_flora_water_b
D:2:      grunt_temple_overflow_order_and_chaos_1
D:3:      nicolae_overflow_crystal_walls, first_ration

Skill      XL: |  1  2  3  4  5 |
---------------+----------------+-----
Long Blades    | 3 4 |  4.2
Throwing       | 1 |  1.9
Armour         | 1 |  1.9
Fighting       | |  3.9
Dodging        | |  2.6
Stealth        | |  1.7

Action                   |  1- 3 |  4- 6 || total
-------------------------+-------+-------++-------
Melee: Falchion          |   119 |    29 ||   148
       Dagger            |       |    68 ||    68
Throw: Stone             |    15 |    11 ||    26
  Use: Potion            |       |     2 ||     2
 Stab: Sleeping          |     1 |     3 ||     4
  Eat: Chunk             |     4 |     6 ||    10
Armor: Robe              |    14 |     9 ||    23
       Ring mail         |       |    22 ||    22
Dodge: Dodged            |   106 |    84 ||   190
       Rpst.: Falchion   |    33 |     9 ||    42

Table legend:
 A = Spawn XP
 B = Non-spawn XP
 C = Spawn XP percentage of total XP
 D = Spawn monster count
 E = Non-spawn monster count
 F = Spawn count percentage of total count
 G = Total turns spent on level
                    A         B        C        D         E        F      G
               +---------+---------+-------+---------+---------+-------+---------
         Total |       0 |     307 |   0.0 |       0 |      73 |   0.0 |  4327
               +---------+---------+-------+---------+---------+-------+---------
           D:1 |       0 |     110 |   0.0 |       0 |      39 |   0.0 |  2368
           D:2 |       0 |      78 |   0.0 |       0 |      21 |   0.0 |  1460
           D:3 |       0 |     119 |   0.0 |       0 |      13 |   0.0 |   499
               +---------+---------+-------+---------+---------+-------+---------
